 Dungeon Crawl Stone Soup version 0.19.5 (webtiles) character file.

430 JeffiDaFish the Shield-Bearer (level 6, -3/38 HPs)
             Began as a Gargoyle Fighter on Nov 28, 2017.
             Slain by Terence
             ... wielding a +3 trident
              (4 damage)
             ... on level 3 of the Dungeon.
             The game lasted 00:06:11 (2265 turns).

JeffiDaFish the Shield-Bearer (Gargoyle Fighter)    Turns: 2265, Time: 00:06:12

Health: -3/38      AC: 16    Str: 20    XL:     6   Next: 99%
Magic:  6/6        EV:  8    Int:  8    God:
Gold:   95         SH: 11    Dex: 13    Spells: 0 memorised, 5 levels left

rFire  . . .     SeeInvis +     a - +1 flail
rCold  . . .     Gourm    .     b - +0 scale mail
rNeg   + . .     Faith    .     c - +1 shield
rPois  ∞         Spirit   .     j - +1 helmet
rElec  +         Reflect  .     g - +2 cloak
rCorr  .         Harm     .     (no gloves)
MR     .....                    (no boots)
Stlth  ..........               (no amulet)
                                (no ring)
                                e - ring of see invisible

@: slowed, very slow
A: agile 1, negative energy resistance 1, electricity resistance, unbreathing,
petrification resistance, rot immunity, AC +4
a: no special abilities


You were on level 3 of the Dungeon.
You were not hungry.

You visited 1 branch of the dungeon, and saw 3 of its levels.

You collected 95 gold pieces.

Inventory:

Hand Weapons
 a - a +1 flail (weapon)
Armour
 b - a +0 scale mail (worn)
 c - a +1 shield (worn)
 g - a +2 cloak (worn)
 j - a +1 helmet (worn)
Jewellery
 e - a ring of see invisible (left hand)
Potions
 d - a potion of might
Comestibles
 f - 2 bread rations
 h - 2 meat rations
 k - 3 chunks of flesh


   Skills:
 + Level 4.0 Fighting
 + Level 4.6 Maces & Flails
 + Level 4.2 Armour
 + Level 1.2 Dodging
 + Level 0.5 Stealth
 + Level 5.3 Shields


You had 5 spell levels left.
You didn't know any spells.

Dungeon Overview and Level Annotations

Branches:
Dungeon (3/15)

Altars:

Annotations:
D:3 Natasha, Terence


Innate Abilities, Weirdness & Mutations

You are resistant to torment.
Your stone body is resilient. (AC +4)
You are immune to poison.
You resist negative energy. (rN+)
You are resistant to electric shocks. (rElec)
You can survive without breathing.
You are immune to petrification.
You are immune to rotting.
You are agile. (Dex +2)


Message History

You feel as though you will be slow longer.
Your shield and scale mail prevent you from hitting Terence.
Terence is heavily wounded.
The white imp disappears for a moment.
The white imp gestures at you. The puff of frost hits you!
* * * LOW HITPOINT WARNING * * *
You block Terence's attack. The white imp gestures at you.
The puff of frost hits you!
* * * LOW HITPOINT WARNING * * *
Terence completely misses you.
Okay, then.
You aren't carrying any spellbooks or scrolls.
You hit Terence but do no damage.
Terence is heavily wounded.
The white imp gestures at you. The puff of frost hits you!
Terence hits you with an enchanted trident.
You die...

......#### .........# .........#
.. .........## ... ..........
.... .......##.... .. #.@........
... #[@................
#).†##............. ##..##
#......... ##.h### #.........
#....###......... ## #######
#..#..##.........
..##.....#########5##...#........
............................)..#.
...............###..#...#..#.#..#


You could see Terence, Natasha and a white imp.

Vanquished Creatures
  Purgy (D:3)
  A gnoll sergeant (D:3)
  Crazy Yiuf (D:2)
  Ijyb (D:2)
  Natasha (twice) (D:3)
  Robin (D:2)
  7 gnolls
  An adder (D:2)
  A worm (D:3)
  A dart slug (D:3)
  2 leopard geckos
  4 orcs (D:3)
  A ball python (D:2)
  2 giant cockroaches (D:1)
  16 goblins
  11 hobgoblins
  4 jackals
  2 quokkas
  3 bats
  3 frilled lizards
  10 kobolds
  5 rats
  A fungus (D:2)
81 creatures vanquished.

Notes
Turn   | Place    | Note
-------+----------+-------------------------------------------
     0 | D:1      | JeffiDaFish the Gargoyle Fighter began the quest for the Orb.
     0 | D:1      | Reached XP level 1. HP: 14/14 MP: 1/1
   193 | D:1      | Reached XP level 2. HP: 19/19 MP: 2/2
   961 | D:2      | Reached XP level 3. HP: 23/23 MP: 3/3
   994 | D:2      | Noticed Ijyb
  1010 | D:2      | Killed Ijyb
  1010 | D:2      | Reached skill level 4 in Shields
  1092 | D:2      | Reached XP level 4. HP: 25/28 MP: 4/4
  1235 | D:2      | Noticed Robin
  1302 | D:2      | Killed Robin
  1515 | D:2      | Gained mutation: You are agile. (Dex +2) [potion of beneficial mutation]
  1729 | D:2      | Reached XP level 5. HP: 32/32 MP: 5/5
  1773 | D:2      | Found a runed door.
  1777 | D:2      | Noticed Crazy Yiuf
  1783 | D:2      | Killed Crazy Yiuf
  2023 | D:3      | Reached skill level 1 in Dodging
  2023 | D:3      | Reached XP level 6. HP: 38/38 MP: 6/6
  2053 | D:3      | Noticed Purgy
  2056 | D:3      | Noticed Natasha
  2062 | D:3      | Killed Purgy
  2062 | D:3      | Reached skill level 5 in Shields
  2071 | D:3      | Killed Natasha
  2235 | D:3      | Noticed Terence
  2250 | D:3      | Noticed Natasha
  2256 | D:3      | Killed Natasha
  2261 | D:3      | Noticed Natasha
  2264 | D:3      | HP: 1/38 [white imp/puff of frost[Natasha] (4)]
  2265 | D:3      | Slain by Terence

Skill      XL: |  1  2  3  4  5  6 |
---------------+-------------------+-----
Shields        | 4 5 |  5.3
Maces & Flails | 3 4 |  4.6
Armour         | 4 |  4.2
Dodging        | 1 |  1.2
Fighting       | 4 |  4.0
Stealth        | |  0.5

Action                   |  1- 3 |  4- 6 || total
-------------------------+-------+-------++-------
Melee: Flail             |   122 |   209 ||   331
  Use: Scroll            |     6 |     2 ||     8
       Potion            |     2 |     5 ||     7
  Eat: Chunk             |     1 |     4 ||     5
Armor: Scale mail        |    72 |   148 ||   220
Dodge: Dodged            |    47 |    76 ||   123
Block: Shield            |    71 |   166 ||   237
